 Dungeon Crawl Stone Soup version 0.29.0-4-gdea44cf6ec (webtiles) character file.

Game seed: 10851028801863454023

56 qw the Chopper (level 3, 0/21 HPs)
             Began as a Tengu Warper on Aug 28, 2022.
             Slain by Grinder (2 damage)
             ... while paralysed by Grinder
             ... on level 3 of the Dungeon.
             The game lasted 00:00:10 (2131 turns).

qw the Chopper (Tengu Warper)                       Turns: 2131, Time: 00:00:10

Health: 0/21       AC:  5    Str: 13    XL:     3   Next: 97%
Magic:  7/7        EV:  2    Int: 13    God:
Gold:   75         SH:  0    Dex: 13    Spells: 6/6 levels left

rFire   . . .      SeeInvis .   Y - +0 hand axe
rCold   . . .      Faith    .   (no shield)
rNeg    . . .      Spirit   .   h - +0 ring mail
rPois   .          Reflect  .   (helmet restricted)
rElec   .          Harm     .   (no cloak)
rCorr   +          Rampage  .   (no gloves)
Will    .....                   (boots unavailable)
Stlth   +.........              (no amulet)
HPRegen 0.07/turn               f - ring of resist corrosion
MPRegen 0.10/turn               (no ring)

@: paralysed
A: beak, talons 3
a: no special abilities


You were on level 3 of the Dungeon.
You visited 1 branch of the dungeon, and saw 3 of its levels.

You collected 75 gold pieces.


Innate Abilities, Weirdness & Mutations

You have a beak for a mouth.
You have claws for feet.


   Skills:
 - Level 2.0 Fighting
 + Level 4.5 Axes
 - Level 1.0 Throwing
 - Level 1.1 Armour
 - Level 2.1 Dodging
 - Level 2.0 Spellcasting
 - Level 2.4 Translocations


You had 6 spell levels left.
You didn't know any spells.
Your spell library contained the following spells:

 Spells                   Type           Power      Damage    Failure   Level
 Blink                    Tloc           14%        N/A       30%         2
 Gell's Gravitas          Tloc           7%         N/A       52%         3
 Lesser Beckoning         Tloc           7%         N/A       52%         3
 Teleport Other           Tloc           7%         N/A       52%         3
 Manifold Assault         Tloc           7%         N/A       99%         5

Inventory:

Hand Weapons
 c - a +0 morningstar
 Y - a +0 hand axe (weapon)
Armour
 h - a +0 ring mail (worn)
Jewellery
 f - a ring of resist corrosion (left hand)
Scrolls
 g - a scroll of identify
Potions
 b - a potion of ambrosia {unknown}
 d - a potion of mutation {unknown}

Dungeon Overview and Level Annotations

Branches:
Dungeon (3/15)

Altars:
Fedhas

Annotations:
D:3 Grinder


Message History

You hit the goblin but do no damage. Your kick misses the goblin.
The goblin hits you but does no damage. Grinder gestures at you.
You barely resist. You barely miss the goblin.
You claw the goblin, but do no damage. Your peck misses the goblin.
Grinder says, "Mostly I couldn't keep them alive."
The goblin hits you with a +0 club.
You hit Grinder.
Grinder is lightly wounded.
You hit the goblin. The goblin hits you but does no damage. Grinder hits you!
You writhe in agony.
You closely miss the goblin. You peck the goblin.
The goblin is severely wounded.
You hit Grinder but do no damage. The goblin barely misses you.
Grinder barely misses you.
You barely miss the goblin. You claw the goblin.
You kill the goblin!
You barely miss Grinder. You hit the rat. The rat bites you.
Grinder misses you.
You slash the rat!
You kill the rat!
You closely miss Grinder.
Grinder blinks!
A bat comes into view.
2124 ||| Stepping ~*~*~tactically~*~*~ (hiding).
You see here a +0 club.
The bat misses you. The bat hits you but does no damage.
Grinder blinks!
You slash the bat!
You kill the bat!
You see here a bat corpse.
You closely miss Grinder. You claw Grinder, but do no damage.
Grinder gestures at you. Pain shoots through your body!
You hit Grinder but do no damage. Your kick misses Grinder.
Grinder gestures at you.
You suddenly lose the ability to move!
Grinder hits you.
You die...

......##.#
............#####
.....~.#..#.....####
...~~~~##.#.###....#
...~_~.#...........#
.~~..............#
#..~.~............#
###..#5...).........
#......@............
#.#....#.....#######
....##..........#
.##........#....#
##$...####....#
#.... ....# #....
##### ..... .#....


You could see Grinder.

Vanquished Creatures
  2 adders
  A worm (D:2)
  2 endoplasms (D:1)
  A giant cockroach (D:1)
  2 hobgoblins
  5 kobolds
  3 quokkas (D:2)
  4 ball pythons
  4 bats
  2 frilled lizards
  6 goblins
  3 rats
35 creatures vanquished.

Notes
Turn   | Place    | Note
-------+----------+-------------------------------------------
     0 | D:1      | qw the Tengu Warper began the quest for the Orb.
     0 | D:1      | Reached XP level 1. HP: 12/12 MP: 4/4
     0 | D:1      | 0 ||| qw: Version: 0.1-a-89-g26bdef1
     0 | D:1      | 0 ||| qw: Game counter: 2519
     0 | D:1      | 0 ||| qw: Always use a shield: true
     0 | D:1      | 0 ||| qw: God list: Okawaru
     0 | D:1      | 0 ||| qw: Allow faded altars: false
     0 | D:1      | 0 ||| qw: Do Orc after D:15 true
     0 | D:1      | 0 ||| qw: Do second Lair branch before Depths: true
     0 | D:1      | 0 ||| qw: Lair rune preference: random
     0 | D:1      | 0 ||| qw: Plans: Normal
     0 | D:1      | 0 ||| PLANNING D:1-11
    14 | D:1      | 14 ||| Stepping ~*~*~tactically~*~*~ (stealth).
    16 | D:1      | 16 ||| Stepping ~*~*~tactically~*~*~ (stealth).
    21 | D:1      | 21 ||| Stepping ~*~*~tactically~*~*~ (stealth).
    82 | D:1      | Reached XP level 2. HP: 17/17 MP: 6/6
    84 | D:1      | Reached skill level 3 in Axes
    84 | D:1      | Found a faded altar of an unknown god.
   622 | D:1      | 622 ||| UPGRADING to +0 ring mail.
   632 | D:1      | 632 ||| DROPPING +0 leather armour.
   633 | D:1      | 633 ||| UPGRADING to ring of resist corrosion.
   634 | D:1      | 634 ||| READING scroll labelled ITRAYNTUS YKLI.
   635 | D:1      | 635 ||| DROPPING scroll of blinking.
   743 | D:2      | Reached XP level 3. HP: 9/21 MP: 7/7
   947 | D:2      | 947 ||| Stepping ~*~*~tactically~*~*~ (stealth).
  1070 | D:2      | 1070 ||| DROPPING +0 club.
  1206 | D:2      | Reached skill level 4 in Axes
  1629 | D:2      | 1629 ||| READING scroll labelled EJYDDI KYACK.
  1630 | D:2      | 1630 ||| READING scroll labelled JAFFIO CYRO.
  1634 | D:2      | 1634 ||| DRINKING 2 sapphire potions.
  1635 | D:2      | 1635 ||| DROPPING potion of brilliance.
  1642 | D:3      | 1642 ||| PLANNING SEWER
  1673 | D:3      | 1673 ||| FLEEEEING.
  1674 | D:3      | 1674 ||| STAIRDANCE
  1796 | D:3      | Found a blossoming altar of Fedhas.
  1806 | D:3      | HP: 5/21 [poisoned by an adder]
  1809 | D:3      | HP: 2/21 [poisoned by an adder]
  1911 | D:3      | 1911 ||| FLEEEEING.
  1912 | D:3      | 1912 ||| FLEEEEING.
  1913 | D:3      | 1913 ||| FLEEEEING.
  1914 | D:3      | 1914 ||| STAIRDANCE
  2113 | D:3      | Noticed Grinder
  2124 | D:3      | 2124 ||| Stepping ~*~*~tactically~*~*~ (hiding).
  2129 | D:3      | HP: 2/21 [Grinder/nerve-wracking pain (8)]
  2130 | D:3      | Paralysed by Grinder for 3 turns
  2131 | D:3      | Slain by Grinder

Levels and vault maps discovered:
D:1:      dpeg_arrival_tiny_i, layout_basic, ebering_ecumenical_altar_rust
D:2:      layout_basic
D:3:      layout_rooms, lemuel_zombie_altar_kikubaaqudgha, fedhas_altar_2,
          hellmonk_ghost_happy_afterlife, gup_sewer_entry_spiral,
          minmay_box_of_dots, uniq_grinder

Skill      XL: |  1  2  3 |
---------------+----------+-----
Axes           | 3 4 |  4.5
Fighting       | |  2.0
Throwing       | |  1.0
Armour         | |  1.1
Dodging        | |  2.1
Spellcasting   | |  2.0
Translocations | |  2.4

Action                   || total
-------------------------++-------
Melee: Hand axe          ||    75
       Kick              ||    17
       Peck              ||    17
       Punch             ||     1
Throw: Boomerang         ||     7
  Use: Scroll            ||     3
       Potion            ||     1
Armor: Ring mail         ||    17
       Leather armour    ||     2
Dodge: Dodged            ||    39

Table legend:
 A = Non-vault XP
 B = Vault XP
 C = Vault XP percentage of total XP
 D = Non-vault monster count
 E = Vault monster count
 F = Vault count percentage of total count
                 A         B        C        D         E       F
            +---------+---------+-------+---------+---------+-------
      Total |      79 |       2 |   2.5 |      33 |       2 |   5.7
            +---------+---------+-------+---------+---------+-------
        D:1 |      23 |       0 |   0.0 |      15 |       0 |   0.0
        D:2 |      38 |       0 |   0.0 |      13 |       0 |   0.0
        D:3 |      18 |       2 |  10.0 |       5 |       2 |  28.6
            +---------+---------+-------+---------+---------+-------
